 Dungeon Crawl Stone Soup version 0.18-a0-1774-gce1f7b6 (webtiles) character file.

70871 namelastname112 the Martial Artist (level 14, -12/135 (136) HPs)
             Began as a Red Draconian Transmuter on Apr 13, 2016.
             Was the Champion of Makhleb.
             Shot with a bolt by a yaktaur (24 damage)
             ... on level 15 of the Dungeon on Apr 15, 2016.
             The game lasted 01:17:54 (19920 turns).

namelastname112 the Martial Artist (DrTm)          Turns: 19920, Time: 01:17:55

HP:   -12/135 (136) AC: 12    Str: 12    XL:     14   Next: 95%
MP:   22/27         EV: 20    Int: 16    God:    Makhleb [******]
Gold: 1240          SH:  0    Dex: 17    Spells: 5 memorised, 20 levels left

rFire  + . .     SeeInvis .       - Unarmed
rCold  + . .     Gourm    .     (armour unavailable)
rNeg   . . .     Faith    .     (shield currently unavailable)
rPois  +         Spirit   .     (helmet restricted)
rElec  .         Dismiss  .     Z - +1 cloak
rCorr  .         Reflect  .     (gloves currently unavailable)
SustAt .         Harm     .     l - +1 pair of boots
MR     +....                    g - amulet of regeneration
Stlth  ++........               X - ring of poison resistance
                                A - ring of protection from cold

@: blade hands, somewhat resistant to hostile enchantments, unstealthy
A: breathe fire, unfitting armour, clever 1, fire resistance 1, robust 1,
cold-blooded, AC +8
a: Breathe Fire, End Transformation, Minor Destruction, Lesser Servant of
Makhleb, Major Destruction, Greater Servant of Makhleb, Renounce Religion


You were on level 15 of the Dungeon.
You worshipped Makhleb.
Makhleb was exalted by your worship.
You were not hungry.
You had blades for hands.
You visited 3 branches of the dungeon, and saw 17 of its levels.
You also visited: Labyrinth, Sewer and Ice Cave.

You collected 1303 gold pieces.
You spent 63 gold pieces at shops.

Inventory:

Hand Weapons
 d - a +1 blowgun
Missiles
 a - 290 arrows
 e - 5 curare-tipped needles
Armour
 l - a +1 pair of boots (worn)
 E - a +0 pair of gloves (melded)
 Z - a +1 cloak (worn)
Rods
 G - a +4 lightning rod (12/12)
   (You found it in a labyrinth)
 K - a +3 rod of ignition (16/16)
   (You found it on level 6 of the Dungeon)
Jewellery
 g - an amulet of regeneration (around neck)
 s - an uncursed ring of see invisible
 u - an uncursed ring of protection from magic
 A - a ring of protection from cold (left scythe-like blade)
 X - a ring of poison resistance (right scythe-like blade)
Wands
 h - a wand of hasting (5/9)
 t - a wand of acid (9/15)
 x - a wand of acid (12/15)
 B - a wand of confusion (20/48)
 J - a wand of iceblast (6/15)
 L - a wand of lightning (7/15)
 N - a wand of digging (10/24)
 P - a wand of disintegration (7/24)
 Q - a wand of disintegration (10/24)
 R - a wand of acid (11/15)
 T - a wand of iceblast (4/15)
 U - a wand of confusion (29/48)
Scrolls
 n - a scroll of recharging
 q - 4 scrolls of remove curse
 v - 3 scrolls of amnesia
 w - 7 scrolls of fog
 y - a scroll of magic mapping
 z - 4 scrolls of teleportation
 M - a scroll of enchant armour
 O - a scroll of fear
 Y - 2 scrolls of enchant weapon
Potions
 b - a potion of cure mutation {unknown}
 f - 2 potions of haste
 i - 4 potions of agility
 j - 7 potions of flight
 m - a potion of magic {unknown}
 r - a potion of berserk rage
 C - 3 potions of cancellation
 D - 3 potions of brilliance
 F - 7 potions of curing
 H - a potion of invisibility
 S - 3 potions of heal wounds
 V - a potion of lignification
Miscellaneous
 p - a fan of gales
 I - a plain deck of defence
 W - a box of beasts {used: 4}
Comestibles
 c - 11 bread rations
 k - 6 meat rations
 o - 12 fruits


   Skills:
 + Level 11.2 Fighting
 + Level 10.6 Dodging
 - Level 2.2 Stealth
 * Level 13.1 Unarmed Combat
 + Level 9.5 Spellcasting
 + Level 11.4 Transmutations
 - Level 2.0 Poison Magic
 + Level 10.5 Invocations


You had 20 spell levels left.
You knew the following spells:

 Your Spells              Type           Power        Failure   Level  Hunger
a - Summon Butterflies    Summ           #.......     50%         1    None
b - Sticks to Snakes      Trmt           #####...     10%         2    None
c - Spider Form           Trmt/Pois      ####......   21%         3    None
e - Apportation           Tloc           #.........   50%         1    None
x - Blade Hands           Trmt           #####.....   24%         5    #####..


Dungeon Overview and Level Annotations

Branches:
Dungeon (15/15)            Temple (1/1) D:7            Lair (0/8) D:11
    Orc (0/2) D:11         Vaults (0/5) D:14         Depths (1/5) D:15

Altars:
Ashenzari
Cheibriados
Dithmenos
Elyvilon
Fedhas
Gozag
Kikubaaqudgha
Makhleb
Nemelex Xobeh
Okawaru
Pakellas
Qazlal
Ru
Sif Muna
Trog
Vehumet
Xom
Yredelemnul
Zin
The Shining One

Shops:
D:11 [   D:12 [

Portals:
Pandemonium: Depths:1

Annotations:
D:7 1 runed door


Innate Abilities, Weirdness & Mutations

You can breathe blasts of fire.
Your fiery red scales are hard (AC +8).
Your body does not fit into most forms of armour.
Your flesh is heat resistant.
You are cold-blooded and may be slowed by cold attacks.
Your mind is acute. (Int +2)
You are robust (+10% HP).


Message History

The bolt of flame burns you.
* * * LOW HITPOINT WARNING * * *
The yaktaur wields an arbalest.
The yaktaur shoots a bolt.
The bolt misses you.
The bolt hits the yaktaur!!
You see here a bolt of flame.
You take 28 damage, and have 24/135 hp.
MASSIVE DAMAGE!!
Casting: Blade Hands
Confirm with . or Enter, or press ? or * to list all spells.
Your hands turn into razor-sharp scythe blades.
Your +0 pair of gloves melds into your body.
The yaktaur hits you.
* * * LOW HITPOINT WARNING * * *
You take 1 damage, and have 23/135 hp.
You now have 22/27 mp.
You barely miss the yaktaur.
The yaktaur is heavily wounded.
The yaktaur shoots a bolt of flame.
The bolt of flame hits you!
* * * LOW HITPOINT WARNING * * *
The yaktaur hits you but does no damage.
The yaktaur shoots a bolt.
The bolt hits you!!
You die...

########## #........# #........#
#........# #........# #........##
#.........## #..........# #
###c@.c......########
#(..##............(..
####.(....cc...#.#######
#####...(#.##....[...#
######......§§..#........##
.......≈≈.≈(≈≈§..c<......########
.###.[≈≈§≈.≈§≈≈..................
.# #.≈≈#§÷≈≈≈#≈≈.#.........######
.###.≈§§≈§.≈§≈≈≈.#.........# #..


You could see 4 yaktaurs.

Vanquished Creatures
  Rupert (D:14)
  A fire giant (D:15)
  A stone giant (Depths:1)
  Azrael (D:12)
  A minotaur (Lab)
  A fire dragon (Depths:1)
  Erolcha (D:8)
  Fannar (D:11)
  A vault guard (D:13)
  A yaktaur captain (Depths:1)
  A death knight (D:15)
  2 ogre magi
  6 centaur warriors
  An alligator (shapeshifter) (Depths:1)
  2 deep troll earth magi (D:15)
  2 tengu warriors (D:14)
  A deep troll shaman (Depths:1)
  4 hell knights
  2 skeletal warriors (D:15)
  Sonja (D:10)
  5 deep trolls (D:15)
  6 hill giants
  2 wolf spider zombies
  3 necromancers (D:14)
  4 cyclopes
  2 wizards
  2 deep elf magi
  19 ugly things
  3 ice statues
  3 centaur zombies
  Joseph (D:8)
  2 centaur skeletons (D:14)
  2 gargoyles
  A komodo dragon (D:15)
  2 freezing wraiths (D:15)
  2 efreet (D:15)
  3 kobold demonologists (D:11)
  8 ice devils (IceCv)
  A yaktaur (D:15)
  2 two-headed ogres
  4 polar bears (D:9)
  9 slime creatures
  A wind drake (shapeshifter) (D:14)
  A troll (D:12)
  A wolf spider simulacrum (D:14)
  A centaur simulacrum (D:14)
  A spriggan (D:10)
  A shadow (D:13)
  3 fire elementals (D:12)
  A wyvern (D:12)
  2 hogs (D:9)
  A wraith (D:12)
  2 basilisks
  A vampire (D:11)
  10 yaks
  6 hippogriffs
  20 humans
  A steam dragon (D:8)
  Grum (D:10)
  4 hungry ghosts
  12 vampire mosquitoes
  A mottled dragon (D:14)
  2 wargs (D:11)
  2 soldier ants
  A hell hound (D:12)
  Duvessa (D:7)
  6 orc warriors
  Purgy (Sewer)
  2 ice beasts
  6 black bears
  3 sky beasts
  3 necrophages (D:12)
  3 phantoms
  15 ogres
  2 wolves (D:10)
  7 centaurs
  4 big kobolds
  A gnoll sergeant (D:10)
  8 giant frogs
  Dowan (D:7)
  5 scorpions
  A wyvern skeleton (D:10)
  26 killer bees
  6 wights
  9 crimson imps
  6 human zombies (D:12)
  4 lava snakes (Lab)
  A quasit (D:6)
  A giant frog zombie (D:12)
  8 orc priests
  3 jellies
  9 hounds
  An iron imp (Depths:1)
  16 orc wizards
  2 giant frog skeletons
  5 iguanas
  9 worker ants
  2 sheep (D:9)
  A hound zombie (D:6)
  A howler monkey zombie (D:9)
  19 gnolls
  8 adders
  3 shadow imps
  6 white imps (IceCv)
  3 ufetubi (IceCv)
  An adder zombie (D:9)
  An ooze (D:3)
  An adder skeleton (D:9)
  2 dart slugs
  A worm (D:4)
  6 giant geckos
  55 orcs
  6 bats
  8 giant cockroaches
  8 goblins
  5 hobgoblins
  16 jackals
  14 kobolds
  4 quokkas
  3 giant newts
  3 jackal skeletons
  A quokka skeleton (D:7)
  4 rats
  A butterfly (D:9)
552 creatures vanquished.

Vanquished Creatures (collateral kills)
  A centaur warrior (D:14)
  A hell knight (Depths:1)
  An ugly thing (D:12)
  A slime creature (D:15)
  An ogre (D:12)
  A centaur (D:14)
  A hound (D:14)
  An orc wizard (D:7)
  A butterfly (D:7)
9 creatures vanquished.

Vanquished Creatures (others)
  5 white imps (IceCv)
  3 ufetubi (IceCv)
8 creatures vanquished.

Grand Total: 569 creatures vanquished

Notes
Turn   | Place    | Note
--------------------------------------------------------------
     0 | D:1      | namelastname112 the Draconian Transmuter began the quest for the Orb.
     0 | D:1      | Reached XP level 1. HP: 16/16 MP: 3/3
    54 | D:1      | crauler: ебать
    57 | D:1      | crauler: хуйня какая
    58 | D:1      | namelastname112: ага
   250 | D:1      | crauler: марджери отрастила крылья
   377 | D:1      | namelastname112: разделась и перекрасилась
   377 | D:1      | Reached XP level 2. HP: 23/23 MP: 5/5
   381 | D:1      | Learned a level 2 spell: Sticks to Snakes
  1508 | D:2      | Reached XP level 3. HP: 28/28 MP: 6/6
  1516 | D:2      | Learned a level 3 spell: Spider Form
  2041 | D:3      | Reached XP level 4. HP: 33/36 MP: 7/7
  2290 | D:3      | Reached skill level 4 in Unarmed Combat
  2466 | D:3      | You fall through a shaft!
  2644 | D:3      | Reached XP level 5. HP: 37/42 MP: 3/8
  3082 | D:4      | crauler: инб4 мотлед
  3099 | D:4      | Noticed an ogre
  3137 | D:4      | crauler: было бы плохо потерять этот амуль регена
  3174 | D:4      | Killed an ogre
  3174 | D:4      | Reached skill level 1 in Poison Magic
  3174 | D:4      | Reached XP level 6. HP: 30/50 MP: 1/9
  3258 | D:4      | Found a glowing silver altar of Zin.
  3518 | D:4      | Found a sparkling altar of Nemelex Xobeh.
  3786 | D:5      | Entered Level 5 of the Dungeon
  3855 | D:5      | Noticed a sky beast
  3885 | D:5      | Killed a sky beast
  3885 | D:5      | Reached skill level 1 in Stealth
  3885 | D:5      | Reached skill level 5 in Unarmed Combat
  3885 | D:5      | Your scales start taking on a fiery red colour.
  3885 | D:5      | Reached XP level 7. HP: 21/57 MP: 8/11
  3885 | D:5      | Gained mutation: Your flesh is heat resistant. [Red Draconian growth]
  3895 | D:5      | Gained mutation: Your mind is acute. (Int +2) [mutagenic meat]
  3896 | D:5      | Gained mutation: You are robust (+10% HP). [mutagenic meat]
  4031 | D:5      | crauler: робаст, кольцо рС, рФ родной
  4112 | D:5      | crauler: ты готов
  4155 | D:5      | Found a deep blue altar of Sif Muna.
  4733 | D:6      | Reached XP level 8. HP: 48/72 MP: 3/13
  4756 | D:6      | Reached skill level 5 in Dodging
  5095 | D:6      | Found a glowing drain.
  5100 | Sewer    | Entered a sewer
  5129 | Sewer    | Noticed Purgy
  5138 | Sewer    | Killed Purgy
  5138 | Sewer    | Reached skill level 6 in Unarmed Combat
  5527 | D:6      | Found a basalt altar of Yredelemnul.
  5627 | D:6      | Identified a +1 rod of ignition (14/14) (You found it on level 6 of the Dungeon)
  5778 | D:6      | Found a blossoming altar of Fedhas.
  5785 | D:6      | Found a burning altar of Makhleb.
  5802 | D:6      | Found a shattered altar of Ashenzari.
  5809 | D:6      | Found a shadowy altar of Dithmenos.
  5816 | D:6      | Found an opulent altar of Gozag.
  5823 | D:6      | Found a glowing golden altar of the Shining One.
  5828 | D:6      | Found a bloodstained altar of Trog.
  6149 | D:7      | Found a staircase to the Ecumenical Temple.
  6170 | D:7      | Reached XP level 9. HP: 79/79 MP: 10/14
  6211 | Temple   | Entered the Ecumenical Temple
  6348 | D:6      | Became a worshipper of Makhleb the Destroyer
  6384 | D:7      | Noticed Duvessa
  6386 | D:7      | Noticed Dowan
  6400 | D:7      | Killed Duvessa
  6403 | D:7      | Killed Dowan
  6431 | D:7      | crauler: инвоки будешь постоянно качать?
  6567 | D:7      | crauler: всм чтобы не отстатавали от остальных скиллов?
  6567 | D:7      | Found a runed door.
  6579 | D:7      | Reached skill level 7 in Unarmed Combat
  6590 | D:7      | namelastname112: ~1=
  6590 | D:7      | namelastname112: 10
  6596 | D:7      | Found a runed door.
  6607 | D:7      | Reached skill level 1 in Invocations
  6613 | D:7      | Reached skill level 5 in Fighting
  6620 | D:7      | Reached * piety under Makhleb
  6761 | D:7      | Reached skill level 5 in Transmutations
  7051 | D:7      | Noticed a deep elf mage
  7063 | D:7      | Killed a deep elf mage
  7496 | D:8      | Noticed Erolcha
  7526 | D:8      | Killed Erolcha
  7526 | D:8      | Reached XP level 10. HP: 48/91 MP: 15/17
  7564 | D:8      | Noticed Joseph
  7583 | D:8      | Killed Joseph
  7694 | D:8      | Found a stormy altar of Qazlal.
  7724 | D:8      | Learned a level 5 spell: Blade Hands
  7923 | D:8      | Reached skill level 5 in Spellcasting
  8036 | D:8      | Found an iron altar of Okawaru.
  8036 | D:8      | Found a radiant altar of Vehumet.
  8045 | D:8      | Found an iron altar of Okawaru.
  8495 | D:9      | Reached ** piety under Makhleb
  8585 | D:9      | Found a huge runed gate.
  8586 | D:9      | Found a huge runed gate.
  8587 | D:9      | Found a huge runed gate.
  8589 | D:9      | Found a huge runed gate.
  8960 | D:9      | crauler: аллах бабах
  8963 | D:9      | Reached skill level 8 in Unarmed Combat
  9073 | D:9      | crauler: белый какойто охуевший был
  9081 | D:9      | namelastname112: блять
  9081 | D:9      | crauler: ?
  9081 | D:9      | namelastname112: друг решил короче формицидом поиграть
  9081 | D:9      | namelastname112: http://puu.sh/ogHCS/304f0c8608.png
  9081 | D:9      | crauler: скажи спасибо что не нарисовал
  9101 | D:10     | Entered Level 10 of the Dungeon
  9101 | D:10     | Noticed Sonja
  9107 | D:10     | Killed Sonja
  9107 | D:10     | Reached skill level 5 in Invocations
  9107 | D:10     | Reached XP level 11. HP: 101/101 MP: 19/19
  9133 | D:10     | crauler: в адъ
  9229 | D:10     | Noticed Grum
  9240 | D:10     | Killed Grum
  9295 | D:10     | Reached *** piety under Makhleb
  9935 | D:11     | Noticed Fannar
 10031 | D:11     | Found a frozen archway.
 10047 | IceCv    | Entered an ice cave
 10356 | IceCv    | Reached **** piety under Makhleb
 10697 | IceCv    | xeno23: что это за тайл вообще
 10698 | IceCv    | namelastname112: dimme
 10702 | IceCv    | namelastname112: [16:47] dimme (m)
                  | Spd: 10 (swim: 60%)
                  | HD:
    13 | HP: 300  | AC/EV: 4/12
                  | amphibious, vault
                  | Res: magic(120), drown
                  | Vul: silver
                  | XP: 1843
                  | Sp: avatar song [!AM, !sil], malign gateway [!AM, !sil]
                  | Sz: Medium
                  | Int: human.
 10702 | IceCv    | xeno23: мобов таких нет в игре же
 10748 | IceCv    | namelastname112: в спринте есть
 10760 | IceCv    | xeno23: аа
 10768 | IceCv    | crauler: sprint, motherfucker
 10894 | D:11     | Noticed a soul eater
 10914 | D:11     | Reached skill level 9 in Unarmed Combat
 11005 | D:11     | Killed Fannar
 11038 | D:11     | Found a staircase to the Lair.
 11165 | D:11     | Found a staircase to the Orcish Mines.
 11173 | D:11     | Reached ***** piety under Makhleb
 11473 | D:11     | Found Ygromeg's Antique Armour Shoppe.
 11517 | D:11     | Reached XP level 12. HP: 112/112 MP: 16/22
 11738 | D:11     | crauler: какой фейл ножниц?
 11813 | D:11     | namelastname112: норм
 12737 | D:12     | Found an ancient bone altar of Kikubaaqudgha.
 12807 | D:12     | Noticed Azrael
 12816 | D:12     | crauler: о
 12824 | D:12     | crauler: теперь показывает шанс хостайла
 12832 | D:12     | Killed Azrael
 12832 | D:12     | Reached skill level 10 in Unarmed Combat
 12905 | D:12     | Found Nunyliurgh's Armour Emporium.
 12927 | D:12     | namelastname112: всегда же показывал
 12927 | D:12     | Bought a +0 cloak for 63 gold pieces
 12959 | D:12     | Noticed an ogre mage
 12989 | D:12     | Killed an ogre mage
 13005 | D:12     | crauler: подписи хостиль не помню, раньше по идее просто шанс фейла инвока был
 13012 | D:12     | crauler: *был показан
 13524 | D:13     | Noticed a centaur warrior
 13530 | D:13     | Killed a centaur warrior
 13550 | D:13     | Reached skill level 10 in Transmutations
 13554 | D:13     | Noticed a centaur warrior
 13564 | D:13     | Killed a centaur warrior
 13564 | D:13     | Reached XP level 13. HP: 101/121 MP: 18/24
 13648 | D:13     | Reached ****** piety under Makhleb
 14031 | D:14     | Found a labyrinth entrance.
 14038 | Lab      | Entered a labyrinth
 14228 | Lab      | Learned a level 1 spell: Apportation
 14410 | Lab      | Noticed a minotaur
 14417 | Lab      | Killed a minotaur
 14431 | Lab      | Identified the Grimoire of Dislocation and Evil Secrets
 14676 | D:14     | Reached skill level 11 in Unarmed Combat
 14802 | D:14     | Noticed Rupert
 14941 | D:14     | Paralysed by Rupert for 5 turns
 15889 | D:14     | Learned a level 1 spell: Summon Butterflies
 15941 | D:14     | Found a gate to the Vaults.
 15941 | D:14     | Noticed a vault guard
 16190 | D:13     | Killed a vault guard
 16190 | D:13     | Reached skill level 10 in Fighting
 16317 | D:14     | crauler: ты не пугай так
 16339 | D:14     | crauler: на 14 хп под берсом борется
 16531 | D:14     | Killed Rupert
 16650 | D:15     | Entered Level 15 of the Dungeon
 16716 | D:15     | Found an opulent altar of Gozag.
 16751 | D:15     | Reached skill level 10 in Dodging
 16797 | D:15     | Reached XP level 14. HP: 130/132 MP: 22/26
 16911 | D:14     | xeno23: агония
 16911 | D:14     | xeno23: ммм
 16911 | D:14     | xeno23: нету совсем рн?
 16911 | D:14     | namelastname112: ноуп
 16911 | D:14     | crauler: у кого агония?
 16911 | D:14     | crauler: лич?
 16911 | D:14     | namelastname112: дез найт жи
 16946 | D:15     | Reached skill level 12 in Unarmed Combat
 16997 | D:15     | Noticed a fire giant
 17420 | D:15     | Found a sacrificial altar of Ru.
 17779 | D:15     | Killed a fire giant
 17796 | D:15     | Found a staircase to the Depths.
 17823 | D:15     | Reached skill level 10 in Invocations
 18237 | Depths:1 | Entered Level 1 of the Depths
 18320 | Depths:1 | Noticed a stone giant
 18372 | Depths:1 | Killed a stone giant
 18637 | Depths:1 | Found a one-way gate leading to the halls of Pandemonium.
 19082 | Depths:1 | crauler: змейки чтоли умудрились хелл найта загрызть?
 19082 | Depths:1 | namelastname112: Makhleb accepts your kill. _You feel a bit more experienced
 19082 | Depths:1 | namelastname112: ты блять со змейками не шути
 19082 | Depths:1 | namelastname112: чето мне вспомнился тот скрин
 19082 | Depths:1 | namelastname112: где змеи антея сожрали
 19082 | Depths:1 | crauler: Your adder looks stronger
 19082 | Depths:1 | crauler: представил эдакого покемона
 19082 | Depths:1 | crauler: убила антея
 19082 | Depths:1 | crauler: Adder is evolving!
 19129 | D:15     | Reached skill level 13 in Unarmed Combat
 19260 | Depths:1 | namelastname112: http://www.underhound.eu:8080/#watch-epen
 19260 | Depths:1 | namelastname112: набегаем
 19260 | Depths:1 | Upgraded the game from 0.18-a0-1764-gf4ddf0b to 0.18-a0-1773-gec4f98e
 19260 | Depths:1 | Upgraded the game from 0.18-a0-1773-gec4f98e to 0.18-a0-1774-gce1f7b6
 19391 | Depths:1 | Paralysed by a wizard for 3 turns
 19920 | D:15     | Shot with a bolt by a yaktaur

Vault maps used:
D:1:      eino_arrival_tree_alley
D:3:      minmay_misc_feat_tower, grunt_ministairs_8
D:4:      overflow_temple_1_default, kennysheep_mini, kennysheep_small_circle
D:5:      led_sif_book, first_bread, minmay_misc_feat_alley, st_stairs_6
D:6:      lemuel_crystal_altar, grunt_temple_overflow_octagram,
          lightli_sewer_entry_pipes
D:7:      lemuel_insect_pit, minmay_temple_entry_water_ring,
          minmay_stone_trees_medium, guppyfry_early_elven_hall, uniq_duvessa
D:8:      nicolae_qazlal_eye_of_the_storm, gammafunk_temple_overflow_elements,
          basic_altar, uniq_erolcha, uniq_joseph
D:9:      lemuel_bear_cage, kennysheep_generic_room_6
D:10:     the_bakery, uniq_grum, uniq_sonja
D:11:     lair_0_dummy, erik_orc_4, portal_ice_cave_entry_ice_statue_01,
          serial_shops, nicolae_shop_overgrown_old_shop, uniq_fannar
D:12:     serial_shops, shop_fountains, lemuel_mausoleum_altar_kikubaaqudgha,
          uniq_azrael
D:14:     grunt_vaults_entry_tiered, serial_park_square2, lab_entry_generic,
          nrook_mini_backslash, hangedman_abyss_or_decor_jellyfish_corner,
          minivault_11, uniq_rupert
D:15:     grunt_enter_depths_giant_problem, basic_altar,
          nicolae_ru_path_of_blood, grunt_decor_resistance
Temple:   circular_temple_6
Depths:1: minmay_crystal_room, marbit_kobold_abyss_entry, hell_entry,
          rand_demon_pan_entry_1, eino_small_chamber_without_monster,
          serial_sigils_hangedman_writhe, kennysheep_generic_room_4
Lab:      labyrinth_mini_lab, nicolae_lab_starburst, nicolae_lab_quarters,
          nicolae_lab_swirl, nicolae_lab_arrow, nicolae_lab_big_swirl,
          nicolae_lab_blocks, labyrinth_lava_lair
Sewer:    kennysheep_door_sewer
IceCv:    ice_cave_small_demon

Skill      XL: |  1  2  3  4  5  6  7  8  9 10 11 12 13 14 |
---------------+-------------------------------------------+-----
Dodging        | 2 3 4 6 7 8 9 10 | 10.6
Fighting       | 2 3 4 5 7 8 9 10 11 | 11.2
Unarmed Combat | 4 5 6 7 8 9 10 11 13 | 13.1
Poison Magic   | 1 2 |  2.0
Stealth        | 1 2 |  2.2
Spellcasting   | 3 4 5 7 8 9 |  9.5
Transmutations | 3 4 6 7 9 10 11 | 11.4
Invocations    | 3 5 6 8 9 10 | 10.5

Action                   |  1- 3 |  4- 6 |  7- 9 | 10-12 | 13-15 || total
-------------------------+-------+-------+-------+-------+-------++-------
Melee: Unarmed           |   146 |   156 |   422 |   856 |   694 ||  2274
       Tailslap          |    14 |    11 |    37 |    85 |   108 ||   255
       Punch             |       |     4 |    14 |    24 |    41 ||    83
 Cast: Spider Form       |     1 |     6 |     9 |     7 |       ||    23
       Sticks to Snakes  |       |       |     9 |       |    33 ||    42
       Blade Hands       |       |       |       |    39 |    47 ||    86
       Apportation       |       |       |       |       |    11 ||    11
       Sticks to Snakes  |       |       |       |       |    13 ||    13
       Blade Hands       |       |       |       |       |     7 ||     7
       Spider Form       |       |       |       |       |     1 ||     1
Invok: Lesser Servant of |       |       |       |     2 |     5 ||     7
 Abil: Breathe Fire      |       |       |    12 |    22 |     5 ||    39
       Breathe Fire      |       |       |       |       |     3 ||     3
       End Transformatio |       |       |       |       |     1 ||     1
Evoke: Club              |       |       |       |     7 |     3 ||    10
       Whip              |       |       |       |     2 |       ||     2
       Box of beasts     |       |       |       |       |     4 ||     4
  Use: Scroll            |       |       |       |    24 |     8 ||    32
 Stab: Sleeping          |       |     2 |     5 |    14 |     1 ||    22
       Distracted        |       |       |       |     2 |     1 ||     3
       Distracted        |       |       |       |       |     3 ||     3
  Eat: Chunk             |     4 |     5 |    12 |    29 |    16 ||    66
       Beef jerky        |       |     1 |       |     3 |       ||     4
       Meat ration       |       |       |     1 |       |     3 ||     4
       Pizza             |       |       |       |     1 |     2 ||     3
       Royal jelly       |       |       |       |     2 |       ||     2
       Fruit             |       |       |       |     4 |     1 ||     5
       Meat ration       |       |       |       |       |     1 ||     1
Armor: Skin              |    35 |    37 |    86 |   174 |   135 ||   467
       Skin              |       |       |       |       |    26 ||    26
Dodge: Dodged            |   103 |    99 |   358 |   780 |   424 ||  1764
       Dodged            |       |       |       |       |    74 ||    74
